 Dungeon Crawl Stone Soup version 0.28-a0-1629-gf728b707aa (webtiles) character file.

Game seed: 11488077079062983691

13829 a3don the Fighter (level 12, -3/91 HPs)
             Began as a Djinni Hedge Wizard on Jan 25, 2022.
             Was a Priest of Makhleb.
             Shot with an arrow by a centaur warrior (21 damage)
             ... on level 11 of the Dungeon.
             The game lasted 00:49:37 (16156 turns).

a3don the Fighter (Djinni Hedge Wizard)            Turns: 16156, Time: 00:49:37

Health: -3/91      AC:  8    Str:  9    XL:     12   Next: 37%
Gold:   629        EV: 11    Int: 26    God:    Makhleb [***...] SH: 17 Dex: 20

rFire   + + .      SeeInvis .   a - +2 dagger (venom)
rCold   x . .      Faith    .   x - +0 kite shield
rNeg    . . .      Spirit   .   X - +1 troll leather armour
rPois   ∞          Reflect  +   F - +0 helmet
rElec   .          Harm     .   P - +0 cloak
rCorr   .          Rampage  .   n - +0 pair of gloves
Will    +....                   (boots unavailable)
Stlth   ++........              c - amulet of reflection
HPRegen 1.05/turn               k - +6 ring of dexterity
MPRegen 0.00/turn               g - +6 ring of intelligence

@: flying, studying Evocations
A: sickness immunity, fire resistance 2, cold vulnerability 1, float, innate
caster, hp casting, extra vitality 1
a: Renounce Religion, Minor Destruction, Lesser Servant of Makhleb


You were on level 11 of the Dungeon.
You worshipped Makhleb.
Makhleb was most pleased with you.
You visited 2 branches of the dungeon, and saw 12 of its levels.

You collected 629 gold pieces.

Inventory:

Hand Weapons
 a - a +2 dagger of venom (weapon)
 b - a +1 dagger of holy wrath
 y - a +0 whip of flaming
 A - a +0 rapier
 D - a +1 war axe of freezing
 G - a +1 trident of distortion
 K - a +0 hunting sling
 O - a +2 quarterstaff of chaos
 W - a +0 whip of electrocution
Missiles
 h - 2 boomerangs of dispersal
 i - 143 stones
 r - a throwing net
 B - 4 javelins
 E - 25 poisoned darts (quivered)
 L - 72 sling bullets
Armour
 n - a +0 pair of gloves (worn)
 x - a +0 kite shield (worn)
 z - a +1 robe of positive energy
 F - a +0 helmet (worn)
 P - a +0 cloak (worn)
 T - +0 steam dragon scales
 X - a +1 troll leather armour (worn)
Jewellery
 c - an amulet of reflection (around neck)
 g - a +6 ring of intelligence (right hand)
 k - a +6 ring of dexterity (left hand)
 M - a ring of protection from fire
Wands
 o - a wand of flame (23)
 H - a wand of iceblast (19)
 N - a wand of charming (8)
 R - a wand of paralysis (17)
 V - a wand of polymorph (12)
Scrolls
 d - a scroll of identify
 f - 11 scrolls of teleportation
 p - a scroll of vulnerability {unknown}
 q - a scroll of fog {unknown}
 v - 2 scrolls of blinking
 w - 2 scrolls of enchant weapon
 I - a scroll of acquirement {unknown}
 J - a scroll of noise {unknown}
 Y - a scroll of silence {unknown}
Potions
 e - 2 potions of magic
 j - 2 potions of cancellation
 l - 2 potions of ambrosia
 m - a potion of invisibility
 s - a potion of resistance
 t - 3 potions of brilliance
 u - a potion of attraction
 C - a potion of curing
 Q - 2 potions of flight
 S - 3 potions of mutation
 U - a potion of heal wounds


   Skills:
 + Level 9.9 Fighting
 + Level 2.7 Armour
 - Level 2.1 Dodging
 - Level 1.5 Stealth
 + Level 8.2 Shields
 + Level 8.0 Spellcasting
 + Level 9.3 Invocations
 + Level 5.3 Evocations


You had 2 spell levels left.
You knew the following spells:

 Your Spells              Type           Power      Damage    Failure   Level
a - Magic Dart            Conj           100%       1d8       1%          1
b - Sandblast             Erth           100%       2d20      1%          1
c - Call Imp              Summ           51%        N/A       1%          2
d - Slow                  Hex            100%       N/A       1%          1
e - Conjure Flame         Conj/Fire      51%        6-21      1%          3
f - Mephitic Cloud        Conj/Pois/Air  51%        N/A       1%          3
g - Blink                 Tloc           100%       N/A       1%          2
h - Searing Ray           Conj           100%       2d8       1%          2
i - Teleport Other        Tloc           51%        N/A       1%          3
j - Frozen Ramparts       Ice            100%       1d12      1%          3
k - Passage of Golubria   Tloc           51%        N/A       7%          4
Your spell library was empty.

Dungeon Overview and Level Annotations

Branches:
Dungeon (11/15)            Temple (1/1) D:5            Lair (0/6) D:10
    Orc (0/2) D:10

Altars:
Dithmenos
Elyvilon
Gozag
Hepliaklqana
Makhleb
Ru
Wu Jian

Annotations:
D:3 1 runed translucent door, indyram44's ghost, amateur DsGl


Innate Abilities, Weirdness & Mutations

You are immune to sickness and miasma.
You are immune to poison.
Your flesh is very heat resistant. (rF++)
You are vulnerable to cold. (rC-)
You float through the air rather than walking.
You learn spells naturally, not from books.
Your magical power is your life essence.
You have superior vitality. (+4 MHP)


Message History

You kill the electric eel!
Makhleb accepts your kill.
You feel better.
You hear a splash.
A centaur warrior comes into view.
The electric eel dives back into the water!
The electric eel shoots out a bolt of lightning at you!
The bolt of electricity hits you.
The electric eel flops around on dry land!
The centaur warrior shouts!
You hear a shout!
The electric eel seems less confused.
The centaur warrior is engulfed in noxious fumes.
The centaur warrior appears confused.
The electric eel shoots out a bolt of lightning at you!
The bolt of electricity hits you!
Things that are here:
a +0 shortbow; 10 arrows; a scroll labelled ARGHECR QIUWI The electric eel dives back into the water!
A centaur comes into view.
The centaur wields a +0 shortbow.
The centaur shoots an arrow.
You reflect the arrow off an invisible shield around you!
The arrow hits the centaur.
The centaur warrior seems less confused.
The centaur warrior wields a +1 longbow of freezing.
It is covered in frost.
The centaur warrior shoots an arrow.
You reflect the arrow off an invisible shield around you!
The arrow hits the centaur warrior!
The arrow freezes the centaur warrior.
Casting: Magic Dart (safe; 1% risk of failure)
Confirm with . or Enter, or press ? or * to list all spells.
Aiming: Mephitic Cloud (safe; 1% risk of failure)
Press: ? - help, Shift-Dir - straight line The ball explodes into a vile cloud!
The stinking cloud engulfs the centaur warrior but does no damage.
The centaur warrior is lightly wounded.
The centaur warrior shoots an arrow.
The arrow hits you!!
* * * LOW HITPOINT WARNING * * *
The arrow freezes you!
* * * LOW HITPOINT WARNING * * *
The centaur warrior shoots an arrow.
The arrow hits you!!
You die...

###.#.#.)....#)#.##<##.#..#
.#.#.....†#.## ####.#..#
#...........c§#######.#..#
....###.....#§§.......#..#
............#§#..........#
.. #........#.#..........#
. #......>.#.#..######..#
.##.....#..#.#..## ##....
.............@...# #####
##.....#.##.#..##
###.....#.##.#..####
........#.##.......####
#######...............#
###.##.#..#######
#.##.#........#
######.######## #.#


You could see a centaur warrior.

Vanquished Creatures
  Snorg (D:10)
  A hydra (D:11)
  Pikel (D:4)
  Maurice (D:8)
  A gargoyle (D:7)
  2 trolls
  Prince Ribbit (D:6)
  A meliai zombie (D:11)
  A slime creature (D:7)
  Eustachio (D:5)
  2 wyverns (D:10)
  A basilisk (D:10)
  13 yaks
  Grum (D:8)
  2 steam dragons
  6 water moccasins
  2 acid dragons
  2 ice beasts (D:7)
  7 orc warriors
  Duvessa (D:7)
  A sky beast (D:6)
  5 black bears
  6 centaurs
  A necrophage (D:5)
  4 wolves
  An ogre (D:7)
  A phantom (D:4)
  4 lemures (D:4)
  3 kobold brigands
  A gnoll sergeant (D:6)
  2 bullfrogs
  6 scorpions
  3 water moccasin zombies
  Dowan (D:7)
  7 wights
  8 killer bees
  4 howler monkeys (D:8)
  An electric eel (D:11)
  A bullfrog zombie (D:6)
  6 centaur zombies
  A gnoll shaman (D:4)
  Crazy Yiuf (D:7)
  2 bullfrog skeletons
  A hound (D:4)
  5 orc priests
  2 jellies
  2 iguanas
  12 orc wizards
  A hound skeleton (D:4)
  A howler monkey skeleton (D:6)
  A howler monkey zombie (D:9)
  Robin (D:4)
  8 gnolls
  9 adders
  A white imp (D:5)
  An ufetubus (D:7)
  An adder skeleton (D:4)
  3 worms
  A dart slug (D:1)
  35 orcs
  4 endoplasms
  7 giant cockroaches
  15 goblins
  8 hobgoblins
  3 jackals (D:1)
  15 kobolds
  A quokka (D:5)
  7 ball pythons
  4 bats
  A quokka skeleton (D:4)
  2 rats
270 creatures vanquished.

Vanquished Creatures (collateral kills)
  Sigmund (D:2)
  A gnoll (D:6)
  A goblin (D:4)
3 creatures vanquished.

Vanquished Creatures (others)
  4 fungi (D:10)
  16 plants (D:10)
20 creatures vanquished.

Grand Total: 293 creatures vanquished

Notes
Turn   | Place    | Note
-------+----------+-------------------------------------------
     0 | D:1      | a3don the Djinni Hedge Wizard began the quest for the Orb.
     0 | D:1      | Reached XP level 1. HP: 15/15 MP: 0/0
   291 | D:1      | Reached XP level 2. HP: 19/22 MP: 0/0
   357 | D:1      | Reached skill level 1 in Fighting
  1121 | D:1      | Reached XP level 3. HP: 16/27 MP: 0/0
  1121 | D:1      | Learned a level 1 spell: Sandblast
  2415 | D:2      | Found a faded altar of an unknown god.
  2472 | D:2      | Reached XP level 4. HP: 8/33 MP: 0/0
  3261 | D:2      | Noticed Sigmund
  3275 | D:2      | Killed Sigmund
  3276 | D:2      | Reached XP level 5. HP: 34/41 MP: 0/0
  3276 | D:2      | Learned a level 2 spell: Searing Ray
  3276 | D:2      | Reached XP level 6. HP: 39/47 MP: 0/0
  4364 | D:3      | Found a runed translucent door.
  4376 | D:3      | Noticed indyram44's ghost (amateur DsGl)
  4501 | D:3      | Reached XP level 7. HP: 41/53 MP: 0/0
  4501 | D:3      | Learned a level 3 spell: Teleport Other
  4987 | D:4      | Reached skill level 5 in Fighting
  5033 | D:4      | Noticed Robin
  5049 | D:4      | Killed Robin
  5598 | D:4      | Noticed Pikel
  5642 | D:4      | Killed Pikel
  5643 | D:4      | Reached skill level 5 in Spellcasting
  5643 | D:4      | Reached XP level 8. HP: 33/61 MP: 0/0
  6424 | D:4      | Found a shadowy altar of Dithmenos.
  6564 | D:5      | Entered Level 5 of the Dungeon
  6564 | D:5      | Noticed Eustachio
  6576 | D:5      | Killed Eustachio
  6811 | D:5      | Reached XP level 9. HP: 60/67 MP: 0/0
  6811 | D:5      | Learned a level 3 spell: Frozen Ramparts
  7076 | D:5      | Found a staircase to the Ecumenical Temple.
  7304 | Temple   | Entered the Ecumenical Temple
  7346 | Temple   | Became a worshipper of Makhleb the Destroyer
  7721 | D:6      | Reached skill level 1 in Invocations
  7863 | D:6      | Found Oqitaras's Antique Armour Boutique.
  7997 | D:6      | Noticed Prince Ribbit
  8001 | D:6      | Killed Prince Ribbit
  8376 | D:6      | Reached skill level 5 in Shields
  8961 | D:6      | Reached * piety under Makhleb
  9185 | D:7      | Reached XP level 10. HP: 68/75 MP: 0/0
  9226 | D:7      | Noticed a gargoyle
  9263 | D:7      | Killed a gargoyle
  9416 | D:7      | Reached skill level 5 in Invocations
  9601 | D:7      | Found a runed translucent door.
  9602 | D:7      | Noticed Crazy Yiuf
  9607 | D:7      | Killed Crazy Yiuf
 10794 | D:7      | Noticed Duvessa
 10795 | D:7      | Noticed Dowan
 10805 | D:7      | Killed Duvessa
 10807 | D:7      | Killed Dowan
 11271 | D:8      | Noticed Grum
 11282 | D:8      | Killed Grum
 11513 | D:8      | Reached ** piety under Makhleb
 11550 | D:8      | Reached XP level 11. HP: 76/82 MP: 0/0
 11550 | D:8      | Learned a level 4 spell: Passage of Golubria
 12535 | D:8      | Noticed Maurice
 12543 | D:8      | Killed Maurice
 13532 | D:9      | Reached skill level 1 in Evocations
 13932 | D:9      | Reached *** piety under Makhleb
 14310 | D:10     | Entered Level 10 of the Dungeon
 14890 | D:10     | Noticed Snorg
 14906 | D:10     | Killed Snorg
 14907 | D:10     | Reached skill level 1 in Armour
 15013 | D:10     | Reached XP level 12. HP: 77/90 MP: 0/0
 15505 | D:10     | Found a staircase to the Orcish Mines.
 15595 | D:10     | Found a staircase to the Lair.
 16092 | D:11     | Noticed a six-headed hydra
 16103 | D:11     | Killed a six-headed hydra
 16104 | D:11     | Reached skill level 5 in Evocations
 16142 | D:11     | Noticed a centaur warrior
 16156 | D:11     | Shot with an arrow by a centaur warrior

Illustrated notes

Levels and vault maps discovered:
D:1:      mushboom_english_gardens, layout_basic
D:2:      layout_basic, hellmonk_ecumenical_altar_blasted, uniq_sigmund
D:3:      layout_rooms, ebering_ghost_reflecting_pool
D:4:      nicolae_cairo_tiling_large_dashed, layout_basic,
          kennysheep_little_box, minmay_diced_spiral, uniq_pikel, uniq_robin
D:5:      layout_loops_ring, minmay_temple_entry_sparse_star, uniq_eustachio
D:6:      layout_basic, serial_glass, glass_columns_c, glass_columns_c,
          feat_on_display, minmay_strange_pillars, item_on_display_a,
          serial_shops, shop, minmay_a_box_with_orc_wizards_in_it,
          uniq_prince_ribbit1
D:7:      layout_basic, enter_bailey_8, wad_mini_maze, uniq_duvessa,
          uniq_crazy_yiuf_cottage
D:8:      layout_basic, nicolae_sextant, uniq_maurice, uniq_grum
D:9:      layout_loops_corners, minmay_starry_boxes
D:10:     layout_basic, minmay_lair_entry_grove, david_orc_4, uniq_snorg
D:11:     layout_basic, st_stairs_1, bloody_makhleb
Temple:   mainiacjoe_temple_archimedes_tessellation

Skill      XL: |  1  2  3  4  5  6  7  8  9 10 11 12 |
---------------+-------------------------------------+-----
Fighting       | 1 2 3 4 6 7 8 9 |  9.9
Spellcasting   | 3 4 5 6 7 8 |  8.0
Shields        | 2 3 5 6 7 8 |  8.2
Invocations    | 4 6 8 9 |  9.3
Evocations     | 4 5 |  5.3
Armour         | 1 2 |  2.7
Dodging        | |  2.1
Stealth        | |  1.5

Action                   |  1- 3 |  4- 6 |  7- 9 | 10-12 || total
-------------------------+-------+-------+-------+-------++-------
Melee: Dagger            |    28 |     9 |    74 |   164 ||   275
       Punch             |       |       |     1 |     4 ||     5
 Fire: Hunting sling     |       |       |     3 |       ||     3
Throw: Dart              |       |       |       |     1 ||     1
 Cast: Magic Dart        |    70 |    59 |    69 |   110 ||   308
       Call Imp          |     1 |     1 |     6 |     8 ||    16
       Mephitic Cloud    |       |     3 |    26 |    51 ||    80
       Sandblast         |       |       |    69 |   102 ||   171
       Searing Ray       |       |       |     2 |     1 ||     3
       Frozen Ramparts   |       |       |     6 |    25 ||    31
       Slow              |       |       |       |     2 ||     2
       Passage of Golubr |       |       |       |     2 ||     2
       Teleport Other    |       |       |       |     1 ||     1
  Use: Scroll            |       |       |       |    16 ||    16
 Stab: Sleeping          |     1 |       |     1 |       ||     2
       Confused          |       |     2 |     8 |    13 ||    23
Armor: Robe              |     5 |     1 |    14 |    39 ||    59
       Troll leather arm |       |       |       |    20 ||    20
Dodge: Dodged            |    16 |     9 |    54 |   117 ||   196
Block: Kite shield       |       |       |       |    55 ||    55
       Reflection        |       |       |       |     6 ||     6

Table legend: (Time is in decaauts)
 A = Elapsed time spent in this place.
 B = Non-inter-level travel time spent in this place.
 C = Inter-level travel time spent in this place.
 D = Time resting spent in this place.
 E = Time spent auto-exploring this place.
 F = Levels seen in this place.
 G = Mean time per level.
                   A        B        C        D        E       F      G
               +--------+--------+--------+--------+--------+-----+--------+
         Total |  16156 |  15788 |    368 |   5847 |   7733 |  12 | 1346.3 |
       Dungeon |  16093 |  15755 |    338 |   5847 |   7707 |  11 | 1463.0 |
        Temple |     62 |     32 |     30 |      0 |     26 |   1 |   62.0 |
               +--------+--------+--------+--------+--------+-----+--------+

Top non-repeatable levels by time:
     D:1: 2386 daAuts
     D:7: 2348 daAuts
     D:4: 1950 daAuts
     D:8: 1632 daAuts
     D:9: 1488 daAuts
    D:10: 1431 daAuts
     D:6: 1369 daAuts
     D:2: 1292 daAuts
     D:5: 1084 daAuts
     D:3: 930 daAuts
    D:11: 177 daAuts
  Temple: 62 daAuts
